 Dungeon Crawl Stone Soup version 0.26-a0-611-g354ed81502 (webtiles) character file.

Game seed: 16830166558016987009

1705 MrRokkomies the Digger (level 9, 0/51 HPs)
             Began as an Octopode Earth Elementalist on Sept 7, 2020.
             Was a Follower of Dithmenos.
             Slain by a red ugly thing (13 damage)
             ... on level 6 of the Dungeon.
             The game lasted 00:11:55 (7371 turns).

MrRokkomies the Digger (OpEE)                       Turns: 7371, Time: 00:11:55

Health: 0/51       AC:  5    Str:  8    XL:     9   Next: 3%
Magic:  9/13       EV: 16    Int: 20    God:    Dithmenos [*.....]
Gold:   348        SH:  9    Dex: 12    Spells: 4/14 levels left

rFire    . . .     SeeInvis .   a - +2 short sword (protect)
rCold    . . .     Faith    .   y - +0 buckler
rNeg     . . .     Spirit   .   (helmet restricted)
rPois    .         Reflect  +   t - amulet of reflection
rElec    .         Harm     .   d - +4 ring of protection
rCorr    +                      p - ring of wizardry
MR       .....                  A - ring of resist corrosion
Stlth    +++++.....             (no ring)
HPRegen  0.17/turn              (no ring)
MPRegen  0.13/turn              (no ring)
                                (no ring)
                                (no ring)

@: very slightly contaminated, wreathed by umbra
A: almost no armour, stealthy swim, amphibious, 8 rings, constrict 8, camouflage
1, gelatinous body 1
a: Renounce Religion


You were on level 6 of the Dungeon.
You worshipped Dithmenos.
Dithmenos was aware of your devotion.
You visited 1 branch of the dungeon, and saw 6 of its levels.

You collected 348 gold pieces.

Inventory:

Hand Weapons
 a - a +2 short sword of protection (weapon)
 c - a +0 dagger
 l - a +0 spear of venom
Missiles
 b - 109 stones
 g - 10 boomerangs
 o - a throwing net
 D - 12 poisoned darts (quivered)
Armour
 y - a +0 buckler (worn)
Magical Staves
 q - an uncursed staff of fire
Jewellery
 d - a +4 ring of protection (left tentacle)
 p - a ring of wizardry (right tentacle)
 t - an amulet of reflection (around mantle)
 v - a +6 ring of dexterity
 A - a ring of resist corrosion (on tentacle)
Wands
 m - a wand of random effects (11)
 w - a wand of digging (7)
Scrolls
 i - a scroll of blinking
 B - a scroll of remove curse
 E - a scroll of teleportation
Potions
 e - 8 potions of curing
 f - a potion of invisibility {unknown}
 j - a potion of degeneration {unknown}
 n - a potion of flight {unknown}
 r - a potion of brilliance {unknown}
 s - 2 potions of stabbing
 u - a potion of haste {unknown}
 x - a potion of cancellation {unknown}
 z - 2 potions of lignification
 C - a potion of resistance {unknown}


   Skills:
 - Level 6.4 Dodging
 + Level 6.9 Stealth
 * Level 1.8 Shields
 - Level 3.0 Spellcasting
 + Level 3.7 Transmutations
 * Level 7.1 Earth Magic


You had 4 spell levels left.
You knew the following spells:

 Your Spells              Type           Power        Failure   Level
a - Sandblast             Erth           ####..       1%          1
b - Passwall              Tmut/Erth      ###.....     1%          2
c - Stone Arrow           Conj/Erth      ###...       5%          3
d - Petrify               Tmut/Erth      ###.....     9%          4

Your spell library contained the following spells:

 Spells                   Type           Power        Failure   Level
 Lee's Rapid Deconstruct  Erth           ####......   11%         5


Dungeon Overview and Level Annotations

Branches:
Dungeon (6/15)             Temple (0/1) D:5

Altars:
Dithmenos
Elyvilon
Kikubaaqudgha
Nemelex Xobeh
Qazlal
Sif Muna
Uskayaw
Xom
Zin
The Shining One

Annotations:
D:4 Edmund


Innate Abilities, Weirdness & Mutations

You cannot wear most types of armour.
You are very stealthy in the water. (Stealth+)
You are amphibious.
You can wear up to eight rings at the same time.
You can use your tentacles to constrict eight enemies at once.
Your skin changes colour to match your surroundings (Stealth+).
Your rubbery body absorbs attacks. (AC +1, EV +1)


Message History

The poisoned dart hits the red ugly thing.
The red ugly thing is severely wounded.
Casting: Sandblast (safe; 1% risk of failure)
Confirm with . or Enter, or press ? or * to list all spells.
Aiming: Stone Arrow (dangerous; 5% risk of failure)
Press: ? - help, Shift-Dir - straight line, f/p - red ugly thing
Aim: a red ugly thing (severely wounded, poisoned)
You miscast Stone Arrow.
You are very lightly contaminated with residual magic.
Nothing appears to happen.
Casting: Stone Arrow (dangerous; 5% risk of failure)
Confirm with . or Enter, or press ? or * to list all spells.
Aiming: Sandblast (safe; 1% risk of failure)
Press: ? - help, Shift-Dir - straight line, f/p - red ugly thing
Aim: a red ugly thing (heavily wounded, poisoned, umbra)
The blast of sand hits the red ugly thing!
The red ugly thing is almost dead.
b - 109 stones The red ugly thing gores you!
You die...

##....<..###.## ##.
#..#....##
##.######.. #.##....#
#........# #.##....#
#.##....##
#......######.####.##
#..............#...#
###......#####.....##
###..### #......##
##@## #........
###.u# #......##
#....# ##.......#
##...## ####.........
###.(###........#...
##......###..#.#...
##.......# ##.#.....
#....(...## #..#._..
#....(....###..#....


You could see a red ugly thing (poisoned).

Vanquished Creatures
  Pikel (D:4)
  Sigmund (D:5)
  An ogre (D:5)
  2 centaurs
  3 lemures (D:3)
  A gnoll sergeant (D:5)
  A howler monkey (D:5)
  2 hounds (D:4)
  2 jellies
  2 orc wizards (D:4)
  2 bullfrog skeletons (D:6)
  2 iguanas
  Natasha (thrice) (D:2)
  4 worker ants
  A hound skeleton (D:5)
  A howler monkey zombie (D:5)
  8 gnolls
  7 adders
  An ufetubus (D:6)
  2 oozes
  2 adder skeletons
  3 worms
  A dart slug (D:1)
  6 leopard geckos
  5 orcs
  5 ball pythons
  5 bats
  7 giant cockroaches
  5 goblins
  4 hobgoblins
  6 jackals
  6 kobolds
  5 frilled lizards
  A quokka zombie (D:5)
  7 rats
115 creatures vanquished.

Notes
Turn   | Place    | Note
-------+----------+-------------------------------------------
     0 | D:1      | MrRokkomies the Octopode Earth Elementalist began the quest
                  | for the Orb.
     0 | D:1      | Reached XP level 1. HP: 11/11 MP: 3/3
   446 | D:1      | Reached XP level 2. HP: 6/17 MP: 3/5
   883 | D:1      | Reached XP level 3. HP: 20/21 MP: 6/6
   989 | D:1      | Found a sparkling altar of Nemelex Xobeh.
  1590 | D:2      | Learned a level 2 spell: Passwall
  1594 | D:2      | Learned a level 3 spell: Stone Arrow
  1776 | D:2      | Reached XP level 4. HP: 24/27 MP: 7/7
  2094 | D:2      | Noticed Natasha
  2116 | D:2      | Killed Natasha
  2782 | D:2      | Noticed Natasha
  2795 | D:2      | Killed Natasha
  2795 | D:2      | Reached skill level 4 in Earth Magic
  2795 | D:2      | Reached XP level 5. HP: 12/31 MP: 2/8
  2907 | D:2      | Noticed Natasha
  2917 | D:2      | Killed Natasha
  3546 | D:3      | Reached XP level 6. HP: 26/36 MP: 10/10
  4241 | D:3      | Learned a level 4 spell: Petrify
  4289 | D:4      | Noticed Edmund
  4582 | D:4      | Noticed Pikel
  4731 | D:4      | Found a shimmering altar of Xom.
  5015 | D:4      | Found a shimmering blue altar of Sif Muna.
  5087 | D:4      | Reached XP level 7. HP: 41/41 MP: 11/11
  5157 | D:4      | Reached skill level 5 in Earth Magic
  5213 | D:4      | Killed Pikel
  5213 | D:4      | Reached skill level 5 in Dodging
  5213 | D:4      | Reached skill level 5 in Stealth
  5213 | D:4      | Reached skill level 6 in Earth Magic
  5213 | D:4      | Reached XP level 8. HP: 46/46 MP: 1/12
  5371 | D:4      | You fall into a shaft and drop 1 floor!
  5371 | D:5      | Entered Level 5 of the Dungeon
  5458 | D:4      | Found a shadowy altar of Dithmenos.
  5570 | D:4      | Became a worshipper of Dithmenos the Shadowed
  5730 | D:5      | Found a staircase to the Ecumenical Temple.
  5814 | D:5      | Noticed Sigmund
  5827 | D:5      | Killed Sigmund
  6299 | D:5      | Found a sparkling altar of Nemelex Xobeh.
  6539 | D:6      | Found a hide-covered altar of Uskayaw.
  6664 | D:6      | Reached skill level 1 in Shields
  6664 | D:6      | Reached skill level 7 in Earth Magic
  6889 | D:6      | Found a stormy altar of Qazlal.
  6921 | D:6      | Found a glowing silver altar of Zin.
  6935 | D:6      | Reached XP level 9. HP: 46/51 MP: 13/13
  6982 | D:6      | Reached * piety under Dithmenos
  7122 | D:6      | Found a glowing golden altar of the Shining One.
  7132 | D:6      | Found a white marble altar of Elyvilon.
  7134 | D:6      | Found an ancient bone altar of Kikubaaqudgha.
  7251 | D:6      | Noticed a red ugly thing
  7284 | D:6      | HP: 2/51 [red ugly thing (19)]
  7371 | D:6      | Slain by a red ugly thing

Illustrated notes

Levels and vault maps discovered:
D:1:      heliophobic_arrival_enchanted_forest, layout_basic,
          nemelex_diamond_rough_becter
D:2:      layout_basic, uniq_natasha
D:3:      layout_loops_ring, minivault_19
D:4:      layout_basic, lemuel_round_altar, lemuel_blue_sif_altar,
          grunt_dithmenos_smoke, uniq_edmund, uniq_pikel
D:5:      layout_cave_pools, old_standard_altar, minmay_temple_entry_nine_rooms,
          serial_glass, glass_columns_b, glass_columns_a, uniq_sigmund
D:6:      minmay_opposing_rooms, layout_layer_cave, kennysheep_mini,
          eat_drink_and_be_merry_uskayaw, minitemple, grunt_temple_overflow_open

Skill      XL: |  1  2  3  4  5  6  7  8 |
---------------+-------------------------+-----
Stealth        | 3 4 5 6 |  6.9
Dodging        | 3 4 5 6 |  6.4
Earth Magic    | 4 6 7 |  7.1
Spellcasting   | 3 |  3.0
Transmutations | 2 3 |  3.7
Shields        | 1 |  1.8

Action                   |  1- 3 |  4- 6 |  7- 9 || total
-------------------------+-------+-------+-------++-------
Melee: Dagger            |    75 |    48 |       ||   123
       Constrict         |    21 |    24 |    19 ||    64
       Unarmed           |     3 |       |       ||     3
       Tentacles         |    12 |    14 |    18 ||    44
       Short sword       |       |    65 |    97 ||   162
Throw: Boomerang         |       |     1 |     3 ||     4
       Dart              |       |       |     3 ||     3
 Cast: Sandblast         |     7 |    62 |    25 ||    94
       Petrify           |       |       |     3 ||     3
Evoke: Wand              |       |       |    11 ||    11
  Use: Scroll            |     4 |     4 |     8 ||    16
       Potion            |       |       |     2 ||     2
 Stab: Sleeping          |     7 |    10 |    11 ||    28
       Petrified         |       |       |    13 ||    13
       Distracted        |       |       |     1 ||     1
Armor: Skin              |    23 |    42 |    24 ||    89
Dodge: Dodged            |    57 |    91 |    75 ||   223
Block: Other             |       |     5 |    16 ||    21
       Buckler           |       |       |    20 ||    20
       Reflection        |       |       |     1 ||     1

Table legend: (Time is in decaauts)
 A = Elapsed time spent in this place.
 B = Non-inter-level travel time spent in this place.
 C = Inter-level travel time spent in this place.
 D = Time resting spent in this place.
 E = Time spent auto-exploring this place.
 F = Levels seen in this place.
 G = Mean time per level.
                   A        B        C        D        E       F      G
               +--------+--------+--------+--------+--------+-----+--------+
         Total |   7389 |   7150 |    239 |    406 |   5727 |   6 | 1231.5 |
       Dungeon |   7389 |   7150 |    239 |    406 |   5727 |   6 | 1231.5 |
               +--------+--------+--------+--------+--------+-----+--------+

Top non-repeatable levels by time:
     D:2: 1830 daAuts
     D:1: 1492 daAuts
     D:3: 1372 daAuts
     D:5: 939 daAuts
     D:4: 918 daAuts
     D:6: 836 daAuts
